AoeStats
← zamithdaniel

Black Forest

507009516Analyzed
2v2 RM · 17d ago on Sep 16, 2026· 44m 38s· 4 players
Game mode
Random Map
Map size
Medium (4 player)
Population
200
Speed
Normal
Resources
Standard
Victory
Conquest
Starting age
Dark Age
Ending age
Imperial Age
RankedLock teamsTeams togetherTeam positionsShared explorationLock speedFull tech treeHidden civsTurbo modeCheats
Victory
Defeat
🇲🇽 Tatars · Mexico
964
+18
🇫🇷 Hindustanis · France
961
+18
🇬🇧 Persians · United Kingdom
1065
-21
🇨🇴 Turks · Colombia
936
-15
Aleks_Syntek_Oficial
0:29 Loom
12:05 Feudal Age
12:55 Double-Bit Axe
12:52 Horse Collar
16:25 Fishing Lines
20:35 Castle Age
21:03 Gold Mining
22:08 Bow Saw
24:07 Wheelbarrow
24:43 Gillnets
25:02 Stone Mining
26:21 Hand Cart
29:58 Imperial Age
30:32 Masonry
31:02 Town Watch
31:18 Treadmill Crane
31:59 Ballistics
31:28 Light Cavalry
32:18 Bloodlines
32:08 Husbandry
31:31 Heavy Camel Rider
32:52 Gold Shaft Mining
31:51 Onager
32:36 Silk Armor
33:11 Hussar
34:05 Forging
34:00 Scale Barding Armor
33:46 Fletching
33:56 Padded Archer Armor
34:25 Conscription
34:20 Heavy Plow
35:16 Chain Barding Armor
35:31 Iron Casting
39:01 Plate Barding Armor
39:26 Blast Furnace
39:54 Blast Furnace
38:50 Bodkin Arrow
39:30 Heavy Cavalry Archer
42:39 Leather Archer Armor
42:24 Bracer
44:11 Ring Archer Armor
DreGweKer
0:53 Loom
12:14 Feudal Age
12:46 Town Watch
13:37 Wheelbarrow
12:50 Town Watch
12:48 Horse Collar
12:55 Double-Bit Axe
19:49 Castle Age
20:46 Hand Cart
22:35 Bow Saw
24:57 Caravan
27:15 Stone Mining
27:16 Gold Mining
29:00 Forging
28:56 Scale Barding Armor
29:27 Town Patrol
30:07 Gold Shaft Mining
30:08 Stone Shaft Mining
30:36 Heavy Plow
31:42 Coinage
31:38 Bloodlines
31:29 Husbandry
35:03 Imperial Age
33:19 Iron Casting
32:55 Grand Trunk Road
33:22 Light Cavalry
34:27 Chain Barding Armor
33:58 Fletching
35:36 Ballistics
35:29 Masonry
35:12 Heavy Camel Rider
37:01 Blast Furnace
36:36 Plate Barding Armor
35:57 Bodkin Arrow
36:27 Conscription
37:19 Two-Man Saw
37:03 Imperial Camel Rider
41:01 Siege Engineers
40:44 Hussar
40:49 Elite Ghulam
41:34 Scale Mail Armor
zamithdaniel
11:12 Feudal Age
11:35 Horse Collar
11:43 Double-Bit Axe
19:52 Castle Age
19:32 Gold Mining
19:36 Stone Mining
21:06 Heavy Plow
22:10 Bow Saw
30:52 Wheelbarrow
30:03 Town Watch
30:05 Loom
33:01 Imperial Age
34:07 Bloodlines
33:58 Husbandry
34:02 Padded Archer Armor
34:12 Forging
34:08 Scale Barding Armor
34:28 Artillery
34:50 Conscription
33:53 Elite Janissary
34:50 Fortified Wall
35:02 Ballistics
35:06 Hand Cart
37:44 Two-Man Saw
38:41 Leather Archer Armor
39:01 Iron Casting
38:47 Chain Barding Armor
39:37 Gold Shaft Mining
HOT WINGS
1:08 Loom
12:47 Feudal Age
17:07 Castle Age
15:38 Double-Bit Axe
15:54 Horse Collar
18:11 Bow Saw
22:05 Gold Mining
25:20 Fishing Lines
25:42 Heavy Plow
25:45 Stone Mining
28:33 Gillnets
32:30 Gold Shaft Mining
32:45 Forging
32:41 Scale Barding Armor
34:09 Caravan
37:22 Imperial Age
35:31 Wheelbarrow
34:41 Town Watch
35:46 Iron Casting
35:17 Husbandry
35:30 Devotion
36:41 Hand Cart
37:44 Chain Barding Armor
37:38 Bloodlines
38:04 Conscription
37:48 Kamandaran
38:10 Town Patrol
39:18 Blast Furnace
39:36 Two-Man Saw
39:57 Plate Barding Armor
39:13 Fletching
39:23 Padded Archer Armor
39:23 Elite War Elephant
39:43 Pikeman
40:38 Crossbowman
41:23 Thumb Ring
44:06 Bodkin Arrow
44:27 Leather Archer Armor
Connection lost

Rejoining the realm…

Still unreachable

The connection could not be restored.

Session expired

The server has moved on; the page needs a fresh start.